Map: Ulrena

Players

Tengilina - Winner!

  • Race: Protoss Protoss
  • League: Gold

Jhyrachy

  • Race: Zerg Zerg
  • League: Silver

VOD

Have the link to the VOD?

Description

Time

  • Played on: Dec. 10, 2015, 1:02 p.m.
  • Length: 10:32
Show
View Real Time Build Order
Export as new Build Order

Tengilina Protoss - Winner!

Build Orders: Nexus First 

Get SALT Encoding   

  12  0:02  Probe (Chrono Boost)  
  13  0:13  Probe (Chrono Boost)  
  14  0:24  Pylon  
  14  0:25  Probe (Chrono Boost)  
  15  0:42  Probe (Chrono Boost)  
  16  0:54  Probe (Chrono Boost)  
  17  1:05  Nexus  
  17  1:09  Assimilator  
  17  1:11  Probe (Chrono Boost)  
  18  1:22  Probe (Chrono Boost)  
  19  1:32  Gateway  
  19  1:37  Probe (Chrono Boost)  
  20  1:45  Assimilator  
  20  1:48  Probe (Chrono Boost)  
  20  1:49  Pylon  
  21  2:01  Probe (Chrono Boost)  
  22  2:11  Probe (Chrono Boost)  
  23  2:17  Probe (Chrono Boost)  
  24  2:25  Cybernetics Core  
  24  2:27  Zealot (Chrono Boost)  
  24  2:28  Probe x2 (Chrono Boost), Pylon  
  28  2:39  Forge  
  28  2:41  Probe  
  28  2:43  Probe  
  30  2:51  Zealot (Chrono Boost)  
  30  2:57  Probe, Warp Gate (Chrono Boost)  
  33  3:07  Probe  
  33  3:09  Probe  
  33  3:10  Protoss Ground Weapons Level 1 (Chrono Boost)  
  33  3:26  Zealot  
  33  3:31  Probe x2  
  37  3:37  Photon Cannon  
  37  3:44  Robotics Facility  
  37  3:50  Probe  
  37  3:52  Probe  
  39  4:00  Gateway  
  39  4:01  Sentry  
  41  4:05  Probe x2  
  41  4:07  Assimilator  
  43  4:17  Probe x2  
  43  4:22  Photon Cannon  
  45  4:24  Pylon  
  45  4:29  Sentry, Probe x2  
  50  4:31  Observer (Chrono Boost)  
  50  4:38  Gateway  
  50  4:44  Probe x2  
  52  4:48  Protoss Ground Armor Level 1, Assimilator  
  52  4:53  Photon Cannon  
  52  4:56  Probe x2  
  52  4:58  Immortal (Chrono Boost)  
  58  5:08  Gateway, Pylon  
  58  5:11  Probe x2  
  60  5:19  Pylon  
  60  5:25  Stalker  
  60  5:33  Stalker  
  62  5:38  Immortal (Chrono Boost)  
  66  5:57  Probe x2  
  68  6:04  Pylon  
  68  6:09  Stalker  
  68  6:10  Stalker  
  68  6:11  Stalker  
  74  6:12  Sentry, Observer (Chrono Boost)  
  75  6:31  Immortal (Chrono Boost), Protoss Shields Level 1  
  79  6:34  Stalker x2  
  79  6:35  Stalker  
  85  6:46  Pylon  
  85  6:55  Gateway  
  85  6:57  Gateway  
  85  6:58  Pylon  
  85  7:04  Twilight Council  
  85  7:10  Zealot  
  85  7:11  Zealot x3  
  87  7:20  Warp Prism (Chrono Boost)  
  87  7:22  Probe x2  
  89  7:25  Pylon  
  89  7:31  Photon Cannon  
  89  7:34  Pylon  
  89  7:50  Stalker x3  
  89  7:51  Immortal (Chrono Boost), Stalker  
  101  7:59  Robotics Facility  
  101  8:04  Blink  
  101  8:07  Protoss Ground Weapons Level 2  
  101  8:23  Zealot x3  
  101  8:25  Immortal (Chrono Boost), Zealot  
  105  8:43  Zealot  
  105  8:44  Zealot x2  
  105  8:45  Zealot  
  105  8:46  Zealot x2  
  85  9:10  Probe x2  
  85  9:14  Nexus  
  85  9:21  Immortal (Chrono Boost)  
  85  9:22  Probe x2  
  95  9:26  Immortal (Chrono Boost), Zealot x4  
  95  9:27  Zealot x2  
  107  9:34  Probe x2  
  105  9:46  Probe  
  105  9:52  Zealot x3  
  108  9:54  Zealot, Pylon  
  108  9:57  Assimilator  
  106  10:00  Assimilator  
  106  10:21  Stalker  
  106  10:22  Stalker x3  
Show
View Real Time Build Order
Export as new Build Order

Jhyrachy Zerg 

Build Orders: Hatch First 

Get SALT Encoding   

  12  0:01  Drone  
  13  0:13  Overlord  
  13  0:18  Drone  
  14  0:31  Drone x2  
  16  0:38  Drone  
  17  0:56  Drone  
  18  0:57  Hatchery  
  18  1:01  Extractor  
  16  1:19  Spawning Pool  
  16  1:21  Drone  
  16  1:22  Drone  
  17  1:40  Drone  
  17  1:42  Drone  
  19  2:02  Overlord  
  19  2:06  Queen  
  21  2:11  Zergling x4  
  23  2:23  Queen  
  25  2:40  Extractor  
  25  2:41  Drone x3  
  25  2:42  Drone x3  
  28  3:22  Roach Warren  
  28  3:23  Drone x3  
  28  3:24  Drone  
  31  3:32  Drone x3  
  31  3:33  Drone x2  
  36  3:51  Overlord  
  36  3:52  Overlord x2  
  36  3:53  Overlord  
  36  4:15  Drone  
  36  4:16  Drone x3  
  40  4:32  Overlord x3  
  40  4:35  Roach x7  
  54  4:52  Evolution Chamber  
  53  5:00  Overlord x2  
  53  5:01  Overlord  
  53  5:02  Roach  
  53  5:03  Roach x5  
  61  5:31  Roach x9  
  77  6:05  Queen  
  75  6:14  Hatchery  
  74  6:21  Zergling x2  
  74  6:22  Zergling x22  
  82  6:37  Zergling x2  
  82  6:38  Zergling x2  
  66  7:26  Zergling x24  
  78  7:53  Zerg Ground Armor Level 1  
  78  8:01  Metabolic Boost  
  78  8:03  Roach x6  
  78  8:04  Roach x7  
  104  8:21  Lair  
  89  9:01  Burrow  
  65  9:07  Zergling x2  
  65  9:08  Zergling x34  
  65  9:09  Zergling x8  
  44  9:59  Hydralisk Den  
Tags
 
Add a new tag
Caveats
  • Supply blocks, unpowered buildings, or Contaminate may cause inaccurate times.
  • Supply counts are checked every 10 seconds.